 Dungeon Crawl Stone Soup version 0.23.2-1-ga50397a (webtiles) character file.

Game seed: 9389211637109927266

701 xveg the Sneak (level 7, -9/52 HPs)
             Began as a Human Assassin on May 7, 2019.
             Mangled by Duvessa
             ... wielding a +2 rapier of speed
              (16 damage)
             ... on level 5 of the Dungeon.
             The game lasted 00:10:03 (4011 turns).

xveg the Sneak (Human Assassin)                     Turns: 4011, Time: 00:10:04

Health: -9/52      AC:  4    Str: 11    XL:     7   Next: 98%
Magic:  7/7        EV: 16    Int: 15    God:
Gold:   140        SH:  0    Dex: 16    Spells: 6/6 levels left

rFire    . . .     SeeInvis .   a - +6 dagger
rCold    . . .     Gourm    .   (no shield)
rNeg     . . .     Faith    .   n - +0 leather armour (curse)
rPois    .         Spirit   .   (no helmet)
rElec    .         Reflect  .   d - +0 cloak
rCorr    .         Harm     .   (no gloves)
MR       .....                  (no boots)
Stlth    +++.......             h - amulet of magic regeneration
HPRegen  0.17/turn              p - +3 ring of evasion
MPRegen  0.35/turn              v - +3 ring of intelligence

@: flying
A: no striking features
a: no special abilities


You were on level 5 of the Dungeon.
You were hungry.

You visited 1 branch of the dungeon, and saw 5 of its levels.

You collected 140 gold pieces.

Inventory:

Hand Weapons
 a - a +6 dagger (weapon)
 b - a +0 blowgun
 q - a +0 hunting sling
Missiles
 e - 16 poisoned needles
 k - 4 needles of confusion
Armour
 c - a +0 robe
 d - a +0 cloak (worn)
 m - a +0 leather armour
 n - a cursed +0 leather armour (worn)
Jewellery
 h - an amulet of magic regeneration (around neck)
 p - a +3 ring of evasion (left hand)
 v - a +3 ring of intelligence (right hand)
Scrolls
 j - a scroll of fear {unknown}
 o - 2 scrolls of remove curse
Potions
 f - a potion of brilliance {unknown}
 i - a potion of haste
 r - 3 potions of curing
 u - a potion of might
Comestibles
 g - 8 rations


   Skills:
 + Level 3.1 Fighting
 + Level 4.6 Short Blades
 + Level 2.4 Throwing
 + Level 3.1 Armour
 + Level 2.7 Dodging
 + Level 6.2 Stealth


You had 6 spell levels left.
You didn't know any spells.
Your spell library contained the following spells:

 Spells                   Type           Power        Failure   Level  Hunger
 Beastly Appendage        Tmut           #.....       34%         1    ##.....
 Sticks to Snakes         Tmut           #.......     45%         2    ###....
 Spider Form              Tmut/Pois      #.........   71%         3    ####...
 Ice Form                 Ice/Tmut       #.......     98%         4    #####..
 Blade Hands              Tmut           #.........   100%        5    ######.


Dungeon Overview and Level Annotations

Branches:
Dungeon (5/15)
 Temple: D:4-7

Altars:
Makhleb
Zin

Annotations:
D:5 Duvessa


Message History

Duvessa is lightly wounded.
Duvessa hits you with a +2 rapier of speed!
You hit Duvessa.
Duvessa is lightly wounded.
Duvessa misses you.
You closely miss Duvessa.
Duvessa is lightly wounded.
Duvessa hits you with a +2 rapier of speed.
Duvessa hits you with a +2 rapier of speed!
* * * LOW HITPOINT WARNING * * *
You feel much better. The adder completely misses you.
Duvessa hits you with a +2 rapier of speed.
* * * LOW HITPOINT WARNING * * *
The leopard gecko zombie misses you. The adder closely misses you.
The leopard gecko zombie closely misses you.
Duvessa hits you with a +2 rapier of speed!
* * * LOW HITPOINT WARNING * * *
Duvessa hits you but does no damage. The adder closely misses you.
Duvessa hits you with a +2 rapier of speed!
You die...

##...##..#..#...........#.....$.#
#.......##.............####...###
#.##....##...#......#.### ...#
#....#......##....###...## ...#
##..####...####.### #>.#.#...##
### ##...####.# ##.......
#...##....#####........ #
#.........#.Z..).....#
#.##...###..@e.l......#
##.......##...S.......##
#........#......."......#
##..........[...#...##....
#............%.##.## ...
#...#.....##....#.# ..
######...###....... . #####
.....#... .....##..#.


You could see Duvessa (berserk), an adder, a leopard gecko zombie and a frilled
lizard.

Vanquished Creatures
  An ogre (D:5)
  Dowan (D:5)
  A howler monkey (D:4)
  A crimson imp (D:5)
  2 hounds
  An orc priest (D:5)
  A centaur skeleton (D:4)
  4 orc wizards
  3 worker ants
  A hound skeleton (D:4)
  9 adders
  3 oozes
  2 adder skeletons (D:4)
  3 worms
  2 dart slugs (D:2)
  3 leopard geckos
  9 orcs
  A giant cockroach (D:4)
  7 goblins
  10 hobgoblins
  2 jackals (D:1)
  8 kobolds
  2 quokkas
  2 ball pythons (D:2)
  5 bats
  5 frilled lizards
  8 rats
97 creatures vanquished.

Notes
Turn   | Place    | Note
-------+----------+-------------------------------------------
     0 | D:1      | xveg the Human Assassin began the quest for the Orb.
     0 | D:1      | Reached XP level 1. HP: 16/16 MP: 1/1
    86 | D:1      | Reached XP level 2. HP: 22/22 MP: 2/2
   394 | D:1      | Reached XP level 3. HP: 26/27 MP: 3/3
  1151 | D:2      | Reached XP level 4. HP: 24/33 MP: 4/4
  1229 | D:2      | Found a burning altar of Makhleb.
  1683 | D:3      | Reached skill level 5 in Stealth
  1740 | D:3      | Reached XP level 5. HP: 12/38 MP: 5/5
  2060 | D:3      | Found a faded altar of an unknown god.
  2096 | D:3      | Reached skill level 1 in Armour
  3173 | D:4      | Reached XP level 6. HP: 44/46 MP: 6/6
  3350 | D:4      | Found a glowing silver altar of Zin.
  3557 | D:4      | Reached XP level 7. HP: 36/51 MP: 7/7
  3842 | D:5      | Entered Level 5 of the Dungeon
  3879 | D:5      | Reached skill level 6 in Stealth
  3992 | D:5      | Noticed Dowan
  3994 | D:5      | Noticed Duvessa
  4000 | D:5      | Killed Dowan
  4011 | D:5      | Mangled by Duvessa

Skill      XL: |  1  2  3  4  5  6  7 |
---------------+----------------------+-----
Stealth        | 5 6 |  6.2
Short Blades   | 3 4 |  4.6
Armour         | 1 2 3 |  3.1
Dodging        | 2 |  2.7
Fighting       | 3 |  3.1
Throwing       | |  2.4

Action                   |  1- 3 |  4- 6 |  7- 9 || total
-------------------------+-------+-------+-------++-------
Melee: Dagger            |    83 |   142 |    45 ||   270
 Fire: Blowgun           |       |     2 |     5 ||     7
  Use: Scroll            |     3 |     4 |       ||     7
       Potion            |       |       |    10 ||    10
 Stab: Sleeping          |    11 |     9 |     2 ||    22
  Eat: Chunk             |       |     2 |       ||     2
       Ration            |       |     2 |       ||     2
Armor: Robe              |     8 |       |       ||     8
       Leather armour    |     9 |    28 |     6 ||    43
Dodge: Dodged            |    41 |   114 |    33 ||   188
